 Dungeon Crawl Stone Soup version 0.31.0-11-ge490571c62 (webtiles) character file.

Game seed: 11167939966994351762

903 oldriver the Trooper (level 8, -1/64 HPs)
             Began as a Djinni Conjurer on Jan 28, 2024.
             Was an Initiate of Makhleb.
             Slain by a yak (8 damage)
             ... on level 6 of the Dungeon.
             The game lasted 00:06:46 (5753 turns).

oldriver the Trooper (Djinni Conjurer)              Turns: 5753, Time: 00:06:46

Health: -1/64      AC:  5    Str: 12    XL:     8   Next: 29%
Gold:   305        EV: 12    Int: 27    God:    Makhleb [......] SH:  0 Dex: 18

rFire   + . .        v - +2 dagger of the Vulture {pain, rElec rF- Will+ Int+5}
rCold   x . .        (no shield)
rNeg    . . .        a - +0 robe
rPois   ∞            s - +0 helmet
rElec   +            (no cloak)
rCorr   .            n - +1 pair of gloves
SInv    .            (boots unavailable)
Will    +....        (no amulet)
Stlth   ++           g - +6 ring of strength
HPRegen 0.30/turn    f - +6 ring of dexterity
MPRegen 0.00/turn

%: infuse magic (-2 HP)
@: flying, very slightly contaminated
A: sickness immunity, fire resistance 2, cold vulnerability 1, float, innate
caster, HP casting, extra vitality 1
a: Renounce Religion


You were on level 6 of the Dungeon.
You worshipped Makhleb.
Makhleb was noncommittal.
You visited 2 branches of the dungeon, and saw 8 of its levels.

You collected 305 gold pieces.

Inventory:

Hand Weapons
 v - the +2 dagger of the Vulture (weapon) {pain, rElec rF- Will+ Int+5}
   (You found it on level 3 of the Dungeon)

   Int+5:     It affects your intelligence (+5).
   rF-:       It makes you vulnerable to fire.
   rElec:     It insulates you from electricity.
   Will+:     It increases your willpower.
Missiles
 e - 10 poisoned darts
Armour
 a - a +0 robe (worn)
 n - a +1 pair of gloves (worn)
 s - a +0 helmet (worn)
Jewellery
 f - a +6 ring of dexterity (right hand)
 g - a +6 ring of strength (left hand)
 l - a ring of willpower
 p - a +4 ring of protection
Wands
 o - a wand of polymorph (8)
Scrolls
 b - 2 scrolls of immolation
 c - 2 scrolls of summoning
 d - 5 scrolls of identify
 h - 4 scrolls of vulnerability
 i - a scroll of poison
 j - 5 scrolls of teleportation
 q - a scroll of fear
 u - a scroll of noise {unknown}
 y - a scroll of brand weapon {unknown}
Potions
 k - a potion of magic
 m - a potion of attraction {unknown}
 r - 2 potions of ambrosia
 t - a potion of degeneration
 w - 2 potions of curing
 x - a potion of heal wounds {unknown}
 z - a potion of might {unknown}


   Skills:
 * Level 7.1 Fighting
 - Level 2.1 Dodging
 - Level 1.5 Stealth
 + Level 5.3 Spellcasting
 + Level 5.3 Conjurations
 + Level 5.3 Hexes
 + Level 5.3 Summonings
 + Level 5.3 Necromancy
 + Level 5.3 Translocations
 + Level 5.3 Fire Magic
 + Level 5.3 Ice Magic
 + Level 5.3 Air Magic
 + Level 5.3 Earth Magic
 + Level 5.3 Alchemy


You knew the following spells:

 Your Spells              Type           Power      Damage    Failure   Level
a - Magic Dart            Conj           100%       1d8       1%          1
b - Searing Ray           Conj           72%        2d7       1%          2
c - Fulminant Prism       Conj/Alch      18%        3d10      8%          4
e - Sting                 Conj/Alch      100%       1d9       1%          1
f - Momentum Strike       Conj/Tloc      72%        3d10      1%          2
g - Gell's Gravitas       Tloc           36%        N/A       2%          3
m - Iskenderun's Mystic   Conj/Tloc      36%        2d9       8%          4
Your spell library was empty.

Dungeon Overview and Level Annotations

Branches:
Dungeon (7/15)             Temple (1/1) D:4

Altars:
Ashenzari
Cheibriados
Dithmenos
Elyvilon
Fedhas
Gozag
Hepliaklqana
Makhleb
Nemelex Xobeh
Okawaru
Qazlal
Ru
Trog
Uskayaw
Wu Jian
Yredelemnul
Zin
The Shining One

Shops:
D:6 *

Annotations:
D:3 3 runed translucent doors, yey's ghost, weakling AtFi
D:5 Ijyb


Innate Abilities, Weirdness & Mutations

You are immune to sickness and miasma.
You are immune to poison.
Your flesh is very heat resistant. (rF++)
You are vulnerable to cold. (rC-)
You float through the air rather than walking.
You learn spells naturally, not from books.
Your magical power is your life essence.
You have superior vitality. (+4 MHP)


Message History

You fly downwards.
The gnoll shouts!
The yak bellows! x3; You hear a shout! x2; The yak bellows!
Found a dagger.
There is a stone staircase leading up here.
There are monsters nearby!
The yak gores you!
You fly upwards.
There is a stone staircase leading down here.
Casting: Searing Ray (safe; 1% risk of failure)
Confirm with . or Enter, or press ? or * to list all spells.
You erupt in a blast of force!
The mystic blast hits the yak!
The yak is moderately wounded.
The yak is knocked back by the mystic blast.
The mystic blast hits the yak!
The yak is moderately wounded.
The yak is knocked back by the mystic blast.
The yak gores you.
Casting: Iskenderun's Mystic Blast (dangerous; 8% risk of failure)
Confirm with . or Enter, or press ? or * to list all spells.
You erupt in a blast of force!
The mystic blast hits the yak.
The yak is moderately wounded.
The yak gores you.
Unknown command.
Casting: Iskenderun's Mystic Blast (dangerous; 8% risk of failure)
Confirm with . or Enter, or press ? or * to list all spells.
You miscast Iskenderun's Mystic Blast.
You are very lightly contaminated with residual magic.
Nothing appears to happen.
The yak misses you. The yak gores you! The yak gores you but does no damage.
Casting: Iskenderun's Mystic Blast (dangerous; 8% risk of failure)
Confirm with . or Enter, or press ? or * to list all spells.
You miscast Iskenderun's Mystic Blast.
Nothing appears to happen.
The yak gores you.
* * * LOW HITPOINT WARNING * * *
Unknown command.
The yak attacks as it pursues you! The yak gores you!
* * * LOW HITPOINT WARNING * * *
The yak attacks as it pursues you! The yak gores you!
You die...

..####.#...# #......####
.......#...# #.........##
.#######...# #.#.##.##... .#
#...###########.#.##.#####
.#######..................#.#
............##########.#<.#.#
..######......########^#..#.#
..# ####..###..Y.......#..#.#
#.#
#......>...Y@#######..#.#####
#.# #..[..######.#
##..#...... ..###..##.# #.#
###...####### .......##.# #.#
#............ ..####.##.# #.#
#.#...#...... #.........# #.#
#.#####.##### ....#.....# #.#
#.# #.# ##. ###...###.# #.#
#.# #.# #.. ##### #.# #.# #.#
#.# #..


You could see 2 yaks.

Vanquished Creatures
  Sigmund (D:2)
  A black bear (D:6)
  A centaur (D:6)
  2 scorpions
  A bombardier beetle (D:5)
  An orc priest (D:5)
  A hound (D:5)
  A jelly (D:6)
  3 sleepcaps
  2 iguanas
  4 gnolls (D:4)
  4 adders
  2 dart slugs
  3 ribbon worms
  13 orcs
  10 endoplasms
  3 giant cockroaches
  8 hobgoblins
  7 kobolds
  3 quokkas
  6 ball pythons
  5 bats
  3 frilled lizards
  8 goblins
  9 rats
102 creatures vanquished.

Notes
Turn   | Place    | Note
-------+----------+-------------------------------------------
     0 | D:1      | oldriver the Djinni Conjurer began the quest for the Orb.
     0 | D:1      | oldriver set off with the following spells memorised: Magic
                  | Dart, Searing Ray, Fulminant Prism, Iskenderun's Mystic
                  | Blast.
     0 | D:1      | Reached XP level 1. HP: 15/15 MP: 0/0
   145 | D:1      | Reached skill level 1 in Fighting
   145 | D:1      | Reached XP level 2. HP: 20/22 MP: 0/0
   436 | D:1      | Reached XP level 3. HP: 26/28 MP: 0/0
   436 | D:1      | Learned a level 1 spell: Sting
   469 | D:1      | Reached skill level 2 in Fighting
  1317 | D:2      | Noticed Sigmund
  1334 | D:2      | Killed Sigmund
  1335 | D:2      | Reached skill level 4 in Fighting
  1335 | D:2      | Reached XP level 4. HP: 19/37 MP: 0/0
  1335 | D:2      | Reached XP level 5. HP: 21/41 MP: 0/0
  1335 | D:2      | Learned a level 2 spell: Momentum Strike
  1335 | D:2      | Reached XP level 6. HP: 24/47 MP: 0/0
  1881 | D:3      | Found a runed translucent gate.
  1881 | D:3      | Found a runed translucent gate.
  1887 | D:3      | Found a runed translucent gate.
  1889 | D:3      | Noticed yey's ghost (weakling AtFi)
  1912 | D:3      | Found a faded altar of an unknown god.
  1919 | D:3      | Identified the +2 dagger of the Vulture {pain, rElec rF-
                  | Will+ Int+5}
  2078 | D:3      | Found a sparkling altar of Nemelex Xobeh.
  2643 | D:4      | Found a staircase to the Ecumenical Temple.
  2710 | Temple   | Entered the Ecumenical Temple
  2793 | D:4      | Reached skill level 5 in Fighting
  2803 | D:4      | Reached XP level 7. HP: 29/54 MP: 0/0
  2803 | D:4      | Learned a level 3 spell: Gell's Gravitas
  3953 | D:5      | Entered Level 5 of the Dungeon
  4257 | D:5      | Noticed Ijyb
  4340 | D:5      | Reached skill level 6 in Fighting
  4494 | D:5      | Reached skill level 5 in Spellcasting
  4494 | D:5      | Reached skill level 5 in Conjurations
  4494 | D:5      | Reached skill level 5 in Hexes
  4494 | D:5      | Reached skill level 5 in Summonings
  4494 | D:5      | Reached skill level 5 in Necromancy
  4494 | D:5      | Reached skill level 5 in Translocations
  4494 | D:5      | Reached skill level 5 in Fire Magic
  4494 | D:5      | Reached skill level 5 in Ice Magic
  4494 | D:5      | Reached skill level 5 in Air Magic
  4494 | D:5      | Reached skill level 5 in Earth Magic
  4494 | D:5      | Reached skill level 5 in Alchemy
  4935 | D:6      | Reached XP level 8. HP: 19/62 MP: 0/0
  5303 | D:6      | Found a burning altar of Makhleb.
  5398 | D:6      | Reached skill level 7 in Fighting
  5461 | D:6      | Found Maolliko's Gadget Gallery.
  5696 | D:6      | Became a worshipper of Makhleb the Destroyer
  5742 | D:7      | Noticed a yak
  5742 | D:7      | Noticed a yak
  5742 | D:7      | Noticed a yak
  5742 | D:7      | Noticed a yak
  5742 | D:7      | Noticed a yak
  5742 | D:7      | Noticed a yak
  5753 | D:6      | Slain by a yak

Illustrated notes

Levels and vault maps discovered:
D:1:      dpeg_arrival_more_subterranean_lakeside_camping, layout_loops_ring,
          moated_statue, minmay_misc_feat_nine_boxes, minmay_pentomino_z2
D:2:      layout_loops_ring, uniq_sigmund
D:3:      layout_basic, nicolae_overflow_crystal_walls,
          ebering_ghost_rock_garden, hellmonk_ecumenical_altar_crossroads
D:4:      layout_layer_cave, minmay_temple_entry_waves
D:5:      layout_loops_ring, uniq_ijyb
D:6:      layout_loops_ring, mainiacjoe_overflow_alcove_4, nicolae_shop_gadgets
D:7:      layout_loops_ring
Temple:   regret_index_temple_mists

Skill      XL: |  1  2  3  4  5  6  7  8 |
---------------+-------------------------+-----
Fighting       | 1 4 5 6 7 |  7.1
Spellcasting   | 4 5 |  5.3
Conjurations   | 4 5 |  5.3
Hexes          | 4 5 |  5.3
Summonings     | 4 5 |  5.3
Necromancy     | 4 5 |  5.3
Translocations | 4 5 |  5.3
Fire Magic     | 4 5 |  5.3
Ice Magic      | 4 5 |  5.3
Air Magic      | 4 5 |  5.3
Earth Magic    | 4 5 |  5.3
Alchemy        | 4 5 |  5.3
Dodging        | |  2.1
Stealth        | |  1.5

Action                     |  1- 3 |  4- 6 |  7- 9 || total
---------------------------+-------+-------+-------++-------
  Melee: Dagger            |       |       |     5 ||     5
  Throw: Dart              |     2 |       |       ||     2
   Cast: Magic Dart        |    86 |    82 |    85 ||   253
         Searing Ray       |     2 |     5 |    14 ||    21
         Sting             |     2 |       |       ||     2
         Gell's Gravitas   |       |       |     2 ||     2
         Iskenderun's Myst |       |       |     4 ||     4
         Momentum Strike   |       |       |     1 ||     1
    Use: Potion            |     2 |       |       ||     2
         Scroll            |       |    12 |       ||    12
 Armour: Skin              |     6 |       |       ||     6
         Robe              |     1 |     8 |    31 ||    40
  Dodge: Dodged            |     1 |    13 |    25 ||    39
